 Dungeon Crawl Stone Soup version 0.26-a0-996-g6b303dbc09 (webtiles) character file.

Game seed: 7254807571684063623

85 JumpZero the Chopper (level 4, -8/40 HPs)
             Began as a Hill Orc Fighter on Dec 6, 2020.
             Killed by divine providence
             ... invoked by an orc priest
              (11 damage)
             ... on level 3 of the Dungeon.
             The game lasted 00:08:53 (2084 turns).

JumpZero the Chopper (Hill Orc Fighter)             Turns: 2084, Time: 00:08:53

Health: -8/40      AC:  6    Str: 19    XL:     4   Next: 48%
Magic:  4/4        EV:  7    Int:  8    God:
Gold:   163        SH:  9    Dex: 10    Spells: 3/3 levels left

rFire    . . .     SeeInvis .   a - +0 war axe
rCold    . . .     Faith    .   c - +0 kite shield
rNeg     . . .     Spirit   .   b - +0 scale mail
rPois    .         Reflect  .   (no helmet)
rElec    .         Harm     .   (no cloak)
rCorr    .         Rampage  .   (no gloves)
MR       .....                  (no boots)
Stlth    ..........             (no amulet)
HPRegen  0.13/turn              (no ring)
MPRegen  0.09/turn              (no ring)

@: no status effects
A: no striking features
a: Convert to Beogh


You were on level 3 of the Dungeon.
You visited 1 branch of the dungeon, and saw 3 of its levels.

You collected 163 gold pieces.

Inventory:

Hand Weapons
 a - a +0 war axe (weapon)
Armour
 b - a +0 scale mail (worn)
 c - a +0 kite shield (worn)
Jewellery
 m - a cursed amulet of inaccuracy {unknown}
Wands
 l - a wand of disintegration (11)
Scrolls
 e - 4 scrolls of remove curse {unknown}
 f - a scroll of fear {unknown}
 g - 6 scrolls of identify {unknown}
 h - 2 scrolls of teleportation {unknown}
 i - 2 scrolls of noise {unknown}
 k - 2 scrolls of random uselessness {unknown}
 o - a scroll of amnesia {unknown}
 p - a scroll of blinking {unknown}
Potions
 d - a potion of might
 j - 2 potions of brilliance {unknown}
 n - a potion of resistance {unknown}


   Skills:
 + Level 4.0 Fighting
 + Level 4.4 Axes
 + Level 3.6 Armour
 + Level 0.2 Dodging
 + Level 0.3 Stealth
 + Level 4.0 Shields


You had 3 spell levels left.
You didn't know any spells.
Your spell library was empty.

Dungeon Overview and Level Annotations

Branches:
Dungeon (3/15)

Altars:
Xom


Message History

The orc priest mumbles some strange prayers to Beogh against you.
Pain shoots through your body!
The orc priest hits you but does no damage.
You barely miss the orc priest.
The orc priest is almost dead.
You closely miss the orc priest. You barely miss the orc.
The orc priest shouts, "Surrender to Beogh and we'll let you live!"
The orc hits you but does no damage.
The orc priest calls down the wrath of Beogh upon you.
Beogh smites you!
* * * LOW HITPOINT WARNING * * *
The orc priest closely misses you.
The orc priest shouts, "Surrender to Beogh and we'll let you live!"
You block the orc's attack.
The orc priest casts a cantrip, but nothing happens.
The orc priest casts a cantrip, but nothing happens.
The orc priest looks encouraged for a moment.
The orc priest calls down the wrath of Beogh upon you.
Beogh smites you!
You die...

#...##...#######...........
#...##.#................#..
#.........#..########.#....
####.##.##...# ##.#....
#.......###..## ###.....#.
#.....o#....[.#####....#.##.
#......o........#..)##.#....
#....................#.###..
#........o.@.<.#..##...# #.
#..............#.####..# #
#......................#
#..............######....
#...[..........# ####
#..............#
######.........# #.........#
#.........#


You could see 2 orc priests and an orc.

Vanquished Creatures
  An iguana (D:3)
  An adder (D:2)
  An ooze (D:2)
  A worm (D:2)
  A leopard gecko (D:1)
  An orc (D:2)
  8 bats
  4 giant cockroaches (D:2)
  4 goblins
  6 hobgoblins
  3 jackals (D:1)
  A quokka (D:3)
  3 frilled lizards
  A kobold (D:1)
  3 rats (D:2)
39 creatures vanquished.

Vanquished Creatures (others)
  2 plants
2 creatures vanquished.

Grand Total: 41 creatures vanquished

Notes
Turn   | Place    | Note
-------+----------+-------------------------------------------
     0 | D:1      | JumpZero the Hill Orc Fighter began the quest for the Orb.
     0 | D:1      | Reached XP level 1. HP: 19/19 MP: 1/1
   524 | D:1      | You fall into a shaft and drop 1 floor!
   568 | D:2      | Reached XP level 2. HP: 23/27 MP: 2/2
   880 | D:2      | Reached XP level 3. HP: 33/33 MP: 3/3
   998 | D:2      | Found a shimmering altar of Xom.
   998 | D:2      | Found a shimmering altar of Xom.
   999 | D:2      | Found a shimmering altar of Xom.
   999 | D:2      | Found a shimmering altar of Xom.
  1982 | D:3      | Reached XP level 4. HP: 39/40 MP: 4/4
  2075 | D:3      | HP: 2/40 [orc priest/divine providence (12)]
  2084 | D:3      | Killed from afar by an orc priest

Illustrated notes

Levels and vault maps discovered:
D:1:      shiori_arrival_maze, layout_basic, serial_forest,
          infiniplex_forest_join, infiniplex_forest_straight_4,
          infiniplex_forest_straight_2, infiniplex_forest_lined_2,
          infiniplex_forest_lined_ring
D:2:      layout_loops_ring, corexii_shack, eino_tiny_chamber, xom_redecorated
D:3:      minmay_goblin_kobold_castle, layout_rooms, grunt_ministairs_6

Skill      XL: |  1  2  3  4 |
---------------+-------------+-----
Axes           | 3 4 |  4.4
Shields        | 4 |  4.0
Fighting       | 4 |  4.0
Armour         | |  3.6
Dodging        | |  0.2
Stealth        | |  0.3

Action                   |  1- 3 |  4- 6 || total
-------------------------+-------+-------++-------
Melee: War axe           |   134 |    18 ||   152
Armor: Scale mail        |    75 |    19 ||    94
Dodge: Dodged            |    45 |     9 ||    54
Block: Kite shield       |    83 |    12 ||    95

Table legend: (Time is in decaauts)
 A = Elapsed time spent in this place.
 B = Non-inter-level travel time spent in this place.
 C = Inter-level travel time spent in this place.
 D = Time resting spent in this place.
 E = Time spent auto-exploring this place.
 F = Levels seen in this place.
 G = Mean time per level.
                   A        B        C        D        E       F      G
               +--------+--------+--------+--------+--------+-----+--------+
         Total |   2148 |   2095 |     53 |    274 |   1177 |   3 |  716.0 |
       Dungeon |   2148 |   2095 |     53 |    274 |   1177 |   3 |  716.0 |
               +--------+--------+--------+--------+--------+-----+--------+

Top non-repeatable levels by time:
     D:1: 984 daAuts
     D:2: 978 daAuts
     D:3: 186 daAuts
